Map: Dusk Towers

Players

CatZ

  • Race: Zerg Zerg
  • League: Grandmaster

BunnyWillis - Winner!

  • Race: Terran Terran
  • League: Grandmaster

VOD

Have the link to the VOD?

Description

Time

  • Played on: Nov. 24, 2015, 1:48 a.m.
  • Length: 12:43
Show
View Real Time Build Order
Export as new Build Order

CatZ Zerg 

Build Orders: Hatch First, Muta Ling Bane 

Get SALT Encoding   

  12  0:00  Drone  
  13  0:13  Overlord  
  13  0:17  Drone  
  14  0:31  Drone  
  14  0:32  Drone  
  16  0:37  Drone  
  17  0:53  Hatchery  
  17  0:56  Drone  
  17  1:00  Drone  
  18  1:08  Drone  
  19  1:12  Extractor  
  19  1:17  Spawning Pool  
  17  1:20  Drone  
  18  1:29  Drone  
  19  1:40  Drone  
  20  1:52  Overlord  
  20  2:04  Queen  
  20  2:06  Zergling x2  
  20  2:07  Queen  
  25  2:08  Drone  
  25  2:13  Metabolic Boost  
  26  2:18  Drone x2  
  28  2:26  Drone  
  29  2:33  Drone  
  29  2:35  Drone  
  31  2:37  Drone  
  32  2:44  Overlord  
  32  2:45  Queen  
  32  2:48  Drone  
  35  2:55  Drone  
  36  3:01  Overlord  
  36  3:04  Lair, Extractor  
  34  3:07  Drone  
  34  3:12  Drone x4  
  39  3:16  Extractor  
  39  3:19  Drone, Spine Crawler  
  38  3:20  Drone  
  38  3:26  Drone x2  
  41  3:28  Drone  
  41  3:31  Zergling x2  
  43  3:34  Zergling x2  
  43  3:40  Drone  
  45  3:49  Drone  
  45  3:51  Drone  
  45  3:53  Drone x2  
  45  3:54  Drone  
  45  3:55  Drone x2  
  52  3:57  Extractor  
  52  3:59  Overlord  
  51  4:04  Spire  
  51  4:05  Drone  
  51  4:11  Drone  
  52  4:20  Drone x2  
  52  4:22  Drone x2  
  56  4:32  Hatchery  
  56  4:36  Queen  
  56  4:37  Zergling x4  
  56  4:38  Zergling x2  
  60  4:43  Overlord  
  60  4:48  Overlord  
  59  5:08  Drone x4  
  63  5:20  Mutalisk x5  
  63  5:21  Mutalisk  
  73  5:22  Evolution Chamber  
  73  5:24  Evolution Chamber, Overseer  
  73  5:28  Drone  
  74  5:32  Drone  
  75  5:36  Baneling Nest  
  75  5:38  Spore Crawler  
  75  5:39  Drone x2  
  75  5:41  Overlord  
  75  5:48  Overlord  
  75  5:51  Zerg Ground Armor Level 1, Zerg Melee Weapons Level 1  
  75  5:52  Drone x4, Baneling Nest  
  75  5:53  Drone  
  79  5:59  Burrow  
  79  6:00  Overlord  
  79  6:06  Overlord  
  79  6:08  Drone x3  
  79  6:09  Drone x2  
  79  6:10  Drone  
  79  6:11  Drone  
  86  6:13  Drone  
  86  6:16  Extractor  
  86  6:18  Overlord, Extractor  
  85  6:28  Drone  
  85  6:29  Drone x3  
  85  6:31  Centrifical Hooks  
  89  6:38  Drone x2  
  89  6:39  Drone  
  93  6:43  Baneling x2  
  93  6:44  Baneling x4  
  93  6:46  Zergling x4  
  96  6:47  Zergling x8  
  96  6:48  Hatchery  
  98  6:56  Pneumatized Carapace  
  98  6:57  Overlord  
  98  7:00  Drone x2  
  100  7:01  Overlord  
  100  7:03  Overlord  
  100  7:10  Hatchery  
  99  7:19  Zergling x20  
  109  7:24  Zergling x6  
  109  7:26  Baneling  
  109  7:27  Baneling  
  111  7:34  Mutalisk  
  111  7:35  Mutalisk x2  
  117  7:43  Zerg Flyer Armor Level 1  
  117  7:44  Mutalisk x5  
  117  7:46  Zerg Melee Weapons Level 2  
  117  7:50  Zerg Ground Armor Level 2  
  127  7:54  Baneling x4  
  126  8:00  Overlord  
  121  8:22  Mutalisk  
  121  8:23  Mutalisk x3  
  126  8:30  Zergling x26  
  137  8:36  Mutalisk  
  137  8:37  Mutalisk  
  137  8:38  Zergling x6  
  137  8:39  Zergling x4  
  129  8:47  Mutalisk x2  
  129  8:49  Drone x2  
  129  8:51  Drone  
  129  8:52  Drone x2  
  134  8:55  Baneling  
  134  8:56  Baneling x6  
  134  8:57  Drone x3  
  137  9:05  Baneling x2  
  137  9:06  Baneling x5  
  137  9:07  Baneling x2  
  137  9:12  Baneling  
  137  9:13  Extractor  
  137  9:15  Extractor  
  137  9:16  Zergling x18  
  143  9:20  Hatchery  
  140  9:33  Zergling x18  
  149  9:43  Zergling x2  
  135  9:52  Baneling  
  135  9:53  Zergling x2  
  135  9:54  Baneling, Zergling x20  
  135  9:56  Baneling x8  
  135  9:59  Zergling x2  
  145  10:00  Zergling x4  
  145  10:04  Mutalisk x3  
  125  10:09  Zergling x4  
  125  10:10  Zergling x2  
  125  10:13  Zergling x2  
  128  10:20  Zergling x2  
  128  10:21  Zergling x4  
  131  10:28  Baneling x9  
  130  10:29  Mutalisk x5, Baneling x5  
  130  10:32  Zergling x6  
  130  10:34  Baneling x3  
  130  10:35  Baneling  
  143  10:39  Overlord  
  143  10:40  Overseer x2  
  141  10:49  Zergling x8  
  122  10:51  Zergling x2  
  110  10:57  Mutalisk x2  
  110  11:01  Baneling x3  
  110  11:02  Zergling x2  
  110  11:03  Zergling x14  
  105  11:11  Mutalisk x2  
  105  11:17  Zergling x16  
  105  11:18  Zergling x4  
  111  11:28  Zergling x14  
  111  11:31  Baneling  
  111  11:32  Baneling x7  
  118  11:34  Zergling x12  
  118  11:39  Zergling x8  
  123  11:42  Mutalisk  
  103  11:49  Zergling x2  
  103  11:50  Zergling x2  
  103  11:52  Zergling x2  
  103  11:53  Zergling x4  
  100  11:55  Mutalisk  
  100  11:56  Mutalisk  
  100  11:58  Mutalisk  
  97  12:05  Mutalisk x3  
  97  12:07  Zergling x2  
  92  12:10  Zergling x4  
  87  12:16  Zergling x6  
  87  12:18  Zergling x6  
  87  12:22  Zergling x2  
  96  12:24  Zergling x12  
Show
View Real Time Build Order
Export as new Build Order

BunnyWillis Terran - Winner!

Build Orders: Command Center First (CC), Bio Mine 

Get SALT Encoding   

  12  0:01  SCV  
  13  0:14  SCV  
  14  0:24  Supply Depot  
  14  0:26  SCV  
  15  0:46  SCV  
  16  0:58  SCV  
  16  1:00  Command Center  
  17  1:10  SCV  
  18  1:17  Barracks  
  18  1:22  SCV  
  19  1:34  SCV  
  20  1:46  SCV  
  21  1:51  Command Center  
  22  2:04  Marine  
  22  2:05  Orbital Command  
  22  2:12  Orbital Command  
  22  2:22  Marine  
  23  2:31  SCV  
  23  2:35  Supply Depot  
  24  2:38  Barracks  
  24  2:39  SCV  
  24  2:40  Marine  
  26  2:44  SCV  
  26  2:49  Barracks  
  27  2:53  SCV  
  27  2:56  SCV  
  27  2:58  Marine  
  30  3:09  Orbital Command  
  29  3:14  SCV  
  29  3:16  SCV, Marine  
  32  3:20  Barracks  
  32  3:21  Barracks  
  32  3:26  SCV  
  33  3:28  SCV, Refinery  
  33  3:31  Refinery  
  33  3:34  Marine  
  35  3:35  SCV  
  35  3:38  SCV  
  35  3:40  SCV  
  38  3:42  Marine  
  38  3:43  Marine  
  40  3:48  SCV  
  40  3:50  SCV  
  40  3:51  Marine  
  40  3:52  SCV  
  44  4:00  SCV, Marine x2  
  44  4:02  SCV  
  48  4:04  SCV, Refinery, Engineering Bay  
  48  4:07  Supply Depot  
  48  4:08  Engineering Bay  
  49  4:12  SCV  
  49  4:14  SCV, Marine  
  49  4:15  Barracks Tech Lab, Marine  
  49  4:16  SCV  
  54  4:18  Marine  
  55  4:25  SCV  
  55  4:26  SCV  
  55  4:28  SCV  
  58  4:33  Stimpack, Marine  
  58  4:35  Marine x3  
  58  4:36  Marine  
  58  4:37  SCV  
  64  4:39  SCV  
  64  4:40  SCV  
  64  4:42  Terran Infantry Weapons Level 1  
  66  4:46  Refinery  
  66  4:47  Terran Infantry Armor Level 1  
  66  4:49  SCV  
  66  4:50  Marine  
  68  4:53  Marine  
  68  4:58  Supply Depot, Marine x3  
  72  5:00  Supply Depot  
  72  5:02  SCV  
  72  5:04  SCV  
  72  5:05  SCV  
  75  5:08  Marine  
  75  5:13  Factory  
  76  5:14  SCV  
  76  5:17  Barracks Reactor  
  76  5:19  Barracks Reactor  
  76  5:20  SCV  
  76  5:21  Barracks Reactor  
  78  5:25  Missile Turret  
  78  5:26  Barracks Reactor  
  78  5:27  Missile Turret  
  78  5:32  Missile Turret  
  78  5:34  SCV  
  79  5:36  Missile Turret  
  79  5:42  SCV  
  80  5:46  SCV  
  80  5:49  Marine  
  81  5:50  Orbital Command  
  81  5:54  SCV  
  83  5:58  Factory Reactor  
  83  5:59  SCV, Marine  
  83  6:00  Marine x5  
  83  6:02  Starport  
  90  6:07  Marine  
  90  6:08  Armory  
  93  6:22  Supply Depot x3, Missile Turret  
  93  6:23  Supply Depot  
  91  6:26  SCV x2  
  91  6:28  Missile Turret  
  93  6:41  Combat Shields  
  93  6:43  SCV, Marine x8  
  93  6:46  Factory Reactor, Medivac x2  
  106  6:53  SCV x2  
  108  6:54  Marine  
  108  6:55  SCV, Terran Infantry Weapons Level 2  
  108  6:58  Terran Infantry Armor Level 2  
  108  7:01  Marine x3  
  110  7:03  Refinery  
  110  7:07  Marine x2  
  115  7:12  Supply Depot  
  115  7:13  Supply Depot x2  
  115  7:15  SCV x3  
  117  7:16  Medivac x2  
  122  7:25  Supply Depot, Missile Turret  
  122  7:27  SCV x2, Supply Depot  
  122  7:28  SCV  
  118  7:33  Widow Mine x2  
  122  7:39  Factory  
  122  7:41  Refinery  
  125  7:45  Marine x5  
  125  7:46  Medivac x2, Marine x3  
  125  7:47  Marine  
  125  7:51  Supply Depot  
  125  8:09  Marine  
  125  8:10  Marauder, Marine x5  
  125  8:11  Widow Mine x2  
  131  8:16  Medivac x2  
  133  8:26  Factory Tech Lab  
  133  8:28  Marine x3  
  133  8:30  Command Center  
  118  8:36  Marine x2  
  118  8:39  Widow Mine x2  
  107  8:42  Marine x3  
  107  8:43  Marine  
  107  8:46  Marine x3  
  107  8:48  Thor, Drilling Claws  
  115  8:54  Marine x2  
  117  9:00  Marine x3  
  117  9:01  Barracks x2, Marine  
  117  9:02  Barracks  
  121  9:05  Medivac x2  
  121  9:06  Marine  
  121  9:08  Widow Mine x2  
  130  9:12  Terran Infantry Weapons Level 3  
  130  9:16  Marine x3  
  130  9:17  Marine  
  133  9:19  Marine x2  
  133  9:21  Marine  
  133  9:24  Marine x2  
  137  9:31  Widow Mine  
  139  9:34  Marine x3  
  139  9:36  Widow Mine  
  139  9:37  Terran Infantry Armor Level 3  
  146  9:38  Marine  
  146  9:43  Marine  
  146  9:44  Marine  
  147  9:47  Marine  
  147  9:49  Marine x3  
  147  9:52  Marine x2  
  140  9:53  Marine  
  141  10:05  Marine x4  
  143  10:07  Marine x2  
  145  10:18  Marine x4  
  145  10:19  Marine  
  149  10:29  Marine x4  
  149  10:30  Marauder, Marine x2  
  157  10:41  Marine  
  158  10:46  Marine x3  
  158  10:47  Marine  
  154  10:51  Marine  
  154  10:54  Marine  
  154  10:55  Marine  
  154  10:56  Marine  
  142  11:00  Marine x2  
  142  11:01  Marine  
  142  11:02  Marine  
  142  11:03  Marine, Widow Mine x2  
  142  11:04  Medivac, Marine x2  
  151  11:07  Marine  
  151  11:09  Marine  
  144  11:11  Marine  
  144  11:13  Marine x2, Widow Mine  
  144  11:18  Marine x3  
  147  11:20  Marine  
  147  11:21  Marine  
  147  11:22  Marine x2  
  147  11:25  Marine  
  143  11:27  Marine  
  143  11:29  Marine  
  143  11:31  Widow Mine, Marine x2  
  143  11:32  Widow Mine  
  151  11:36  Marine  
  138  11:48  Marine  
  124  11:54  Marine x2  
  124  11:55  Marine x4  
  124  12:00  Marine x5  
  126  12:06  Marine  
  122  12:12  Marine x4  
  122  12:13  Widow Mine x2, Marine x2  
  132  12:17  Marine  
  134  12:24  Marine  
  138  12:32  Barracks Tech Lab  
  138  12:34  Barracks Tech Lab  
Tags
 
Add a new tag
Caveats
  • Supply blocks, unpowered buildings, or Contaminate may cause inaccurate times.
  • Supply counts are checked every 10 seconds.